 Dungeon Crawl Stone Soup version 0.25.1-9-gc5326a611f (webtiles) character file.

Game seed: 12119519767298351405

9 Descartes the Skirmisher (level 2, 24/24 HPs)
             Began as a Demonspawn Chaos Knight on Dec 30, 2020.
             Was a Plaything of Xom.
             Got out of the dungeon alive.
             The game lasted 00:01:03 (218 turns).

Descartes the Skirmisher (Demonspawn Chaos Knight)   Turns: 218, Time: 00:01:03

Health: 24/24      AC:  5    Str: 12    XL:     2   Next: 3%
Magic:  2/2        EV: 11    Int: 13    God:    Xom [..*...]
Gold:   25         SH:  0    Dex: 12    Spells: 1/1 levels left

rFire    + . .     SeeInvis .   a - +0 falchion (chaos)
rCold    . . .     Gourm    .   (no shield)
rNeg     . . .     Faith    .   b - +2 leather armour
rPois    .         Spirit   .   (no helmet)
rElec    .         Reflect  .   (no cloak)
rCorr    .         Harm     .   (no gloves)
MR       .....                  (no boots)
Stlth    +.........             (no amulet)
HPRegen  0.08/turn              h - ring of protection from fire
MPRegen  0.08/turn              (no ring)

@: no status effects
A: demonic guardian 1
a: Renounce Religion


You escaped.
You worshipped Xom.
You were a toy of Xom.
You were not hungry.

You visited 1 branch of the dungeon, and saw 1 of its levels.

You collected 25 gold pieces.

Inventory:

Hand Weapons
 a - a +0 falchion of chaos (weapon)
Armour
 b - a +2 leather armour (worn)
Jewellery
 h - a ring of protection from fire (left hand)
Scrolls
 d - a scroll of fear {unknown}
 e - a scroll of enchant armour {unknown}
Potions
 f - a potion of curing {unknown}
Comestibles
 c - a ration
 g - 8 chunks of flesh


   Skills:
 + Level 3.1 Fighting
 + Level 2.8 Long Blades
 + Level 2.0 Armour
 + Level 1.1 Dodging


You had one spell level left.
You didn't know any spells.
Your spell library was empty.

Dungeon Overview and Level Annotations

Branches:
Dungeon (1/15)

Altars:


Innate Abilities, Weirdness & Mutations

A weak demonic guardian rushes to your aid.


Message History

You see here a leopard gecko corpse.
You butcher the leopard gecko corpse.
g - 8 chunks of flesh (gained 1)
You see here a leopard gecko skeleton.
h - a peridot ring
h - a ring of protection from fire (left hand)
You don't know any spells.
You don't know any spells.
You don't know any spells.
Things that are here:
a +0 club; a frilled lizard skeleton; a hobgoblin skeleton Your trail of clouds dissipates.
Found a bubbling silvery potion and 6 gold pieces.
You enter the shallow water.
Moving in this stuff is going to be slow.
There is a fountain of clear blue water here.
A nearby toadstool withers and dies.
There is a staircase leading out of the dungeon here.
Are you sure you want to leave the Dungeon?
This will make you lose the game!
You have escaped!

##.....##...#####....#.###
#.......#.#...##..#### # #
#......≈...≈.....#####. #
#.....≈♣≈.≈.≈...........##
##>>.≈♣⌠♣≈P⌠P≈......!.....
#.....≈♣...P≈..........###
#......≈...≈#.......... #.
#......≈...≈#.......... #.
####.....≈.@.≈#..........##.
##.......#≈...≈#$...........>
##.......##≈...≈##.##........#
#.........≈♣...♣≈#.##..######
#........≈♣⌠♣≈♣⌠♣≈...
#.........≈♣≈.≈♣≈....
#.........#≈...≈....#
#...................#
#.........###########


There were no monsters in sight!

Vanquished Creatures
  A leopard gecko (D:1)
  2 giant cockroaches (D:1)
  A hobgoblin (D:1)
  A frilled lizard (D:1)
  A goblin (D:1)
  2 rats (D:1)
8 creatures vanquished.

Vanquished Creatures (others)
  A toadstool (D:1)
1 creature vanquished.

Grand Total: 9 creatures vanquished

Notes
Turn   | Place    | Note
-------+----------+-------------------------------------------
     0 | D:1      | Descartes the Demonspawn Chaos Knight began the quest for
                  | the Orb.
     0 | D:1      | Reached XP level 1. HP: 18/18 MP: 1/1
    35 | D:1      | XOM: silly message
    73 | D:1      | Reached skill level 1 in Dodging
   120 | D:1      | XOM: cloud trail
   151 | D:1      | Gained mutation: A weak demonic guardian rushes to your
                  | aid. [demonic ancestry]
   151 | D:1      | Reached XP level 2. HP: 21/24 MP: 2/2
   218 | D:$      | Got out of the dungeon alive.

Illustrated notes

Levels and vault maps discovered:
D:1:      ldierk_water_garden, layout_rooms

Skill      XL: |  1 |
---------------+----+-----
Dodging        | 1 |  1.1
Armour         | 2 |  2.0
Fighting       | |  3.1
Long Blades    | |  2.8

Action                   || total
-------------------------++-------
Melee: Falchion          ||    15
Armor: Leather armour    ||     1
Dodge: Dodged            ||     9
       Rpst.: Falchion   ||     2
